| TOP OF THE 1ST |
|
University of California Golden Bears batting - Pitching for Wichita State University Shockers : RHP Elias Aguilar
|
|
Pitching: RHP Elias Aguilar
|
|
|
Batting: LHB Luis Orellana
|
0-0: Called Strike 0-1: Called Strike 0-2: Ball 1-2: Ball 2-2: Foul Ball, location: 2F 2-2: Ball 3-2: Fly out, F8 (Line Drive, 8LM, EV 91.9 MPH)
|
|
Batting: RHB Tim Spence
|
0-0: Ground out 5-3 (Groundball, 5, EV 84.4 MPH)
|
|
Batting: LHB Carlos Gaona
|
0-0: Swinging Strike 0-1: Foul Ball, location: 2F 0-2: Strikes out looking
|
| Top of the 1st over - 0 runs, 0 hits, 0 errors, 0 left on base; University of California 0 - Wichita State University 0 |
| BOTTOM OF THE 1ST |
|
Wichita State University Shockers batting - Pitching for University of California Golden Bears : RHP Karl-Anthony Aure
|
|
Pitching: RHP Karl-Anthony Aure
|
|
|
Batting: RHB Alex Zeledon
|
0-0: Ball 1-0: Called Strike 1-1: Fly out, F9 (Line Drive, 89D, EV 96.2 MPH)
|
|
Batting: RHB Lucio Baratta
|
0-0: Swinging Strike 0-1: Fly out, F6 (Popup, 6M, EV 62.5 MPH)
|
|
Batting: LHB Carlos Flores
|
0-0: Called Strike 0-1: Ball 1-1: Foul Ball, location: 2F 1-2: Ball 2-2: Ball 3-2: Fly out, F8 (Flyball, 78S, EV 77.5 MPH)
|
| Bottom of the 1st over - 0 runs, 0 hits, 0 errors, 0 left on base; University of California 0 - Wichita State University 0 |
| TOP OF THE 2ND |
|
University of California Golden Bears batting - Pitching for Wichita State University Shockers : RHP Elias Aguilar
|
|
Batting: RHB Ken Hahn
|
0-0: Called Strike 0-1: Foul Ball, location: 2F 0-2: Fly out, F7 (Flyball, 7, EV 89.4 MPH)
|
|
Batting: SHB Nick Jansen
|
0-0: Called Strike 0-1: Ball 1-1: Ball 2-1: Swinging Strike 2-2: SINGLE (Groundball, 3D, EV 96.9 MPH)
|
|
Batting: RHB Nate Mahon
|
0-0: Ball 1-0: Ball 2-0: Swinging Strike 2-1: Fly out, F7 (Flyball, 78S, EV 78.1 MPH)
|
|
Batting: RHB Mike Wilson
|
0-0: Called Strike 0-1: Called Strike 0-2: Ball 1-2: Foul Ball, location: 2F 1-2: Strikes out swinging
|
| Top of the 2nd over - 0 runs, 1 hit, 0 errors, 1 left on base; University of California 0 - Wichita State University 0 |
| BOTTOM OF THE 2ND |
|
Wichita State University Shockers batting - Pitching for University of California Golden Bears : RHP Karl-Anthony Aure
|
|
Batting: RHB Byron Whitehead
|
0-0: Ground out 6-3 (Groundball, 6, EV 110.0 MPH)
|
|
Batting: LHB Kyle Lee
|
0-0: SINGLE (Groundball, 4D, EV 98.8 MPH)
|
|
Batting: RHB Marvin Coffey
|
0-0: Foul Ball, location: 2F 0-1: Called Strike 0-2: Foul Ball, location: 2F 0-2: Foul Ball, location: 2F 0-2: Ball 1-2: Ball 2-2: Foul Ball, location: 2F 2-2: Strikes out swinging
|
|
Batting: LHB Troy Davies
|
0-0: Foul Ball, location: 2F 0-1: Swinging Strike 0-2: Strikes out swinging
|
| Bottom of the 2nd over - 0 runs, 1 hit, 0 errors, 1 left on base; University of California 0 - Wichita State University 0 |
| TOP OF THE 3RD |
|
University of California Golden Bears batting - Pitching for Wichita State University Shockers : RHP Elias Aguilar
|
|
Batting: RHB Juan Debayle
|
0-0: Called Strike 0-1: Called Strike 0-2: Ball 1-2: Ground out 5-3 (Groundball, 56, EV 104.4 MPH)
|
|
Batting: RHB Bill Gallardo
|
0-0: Called Strike 0-1: Ball 1-1: Ground out 6-3 (Groundball, 6S, EV 87.5 MPH)
|
|
Batting: LHB Luis Orellana
|
0-0: Called Strike 0-1: Ball 1-1: Swinging Strike 1-2: Ball 2-2: Strikes out swinging
|
| Top of the 3rd over - 0 runs, 0 hits, 0 errors, 0 left on base; University of California 0 - Wichita State University 0 |
| BOTTOM OF THE 3RD |
|
Wichita State University Shockers batting - Pitching for University of California Golden Bears : RHP Karl-Anthony Aure
|
|
Batting: RHB Kyle Gill
|
0-0: Ball 1-0: Ball 2-0: Ball 3-0: Base on Balls
|
|
Batting: SHB Peter Faggard
|
0-0: Foul Ball, location: 2F 0-1: Fly out, F8 (Flyball, 8LD, EV 95.0 MPH)
|
|
Batting: RHB Alex Zeledon
|
0-0: Fly out, F8 (Flyball, 8LM, EV 95.6 MPH)
|
|
Batting: RHB Lucio Baratta
|
0-0: Called Strike 0-1: Called Strike 0-2: Foul Ball, location: 2F 0-2: Ball 1-2: Ground out 5-3 (Groundball, 5S, EV 78.8 MPH)
|
| Bottom of the 3rd over - 0 runs, 0 hits, 0 errors, 1 left on base; University of California 0 - Wichita State University 0 |
| TOP OF THE 4TH |
|
University of California Golden Bears batting - Pitching for Wichita State University Shockers : RHP Elias Aguilar
|
|
Batting: RHB Tim Spence
|
0-0: Swinging Strike 0-1: Ball 1-1: Called Strike 1-2: Strikes out swinging
|
|
Batting: LHB Carlos Gaona
|
0-0: Called Strike 0-1: Called Strike 0-2: Ground out 6-3 (Groundball, 6, EV 90.0 MPH)
|
|
Batting: RHB Ken Hahn
|
0-0: Foul Ball, location: 2F 0-1: Ball 1-1: Ball 2-1: Ball 3-1: Base on Balls
|
|
Batting: SHB Nick Jansen
|
0-0: Ball 1-0: Ball 2-0: Ball 3-0: Base on Balls Ken Hahn to second
|
|
Batting: RHB Nate Mahon
|
0-0: Called Strike 0-1: Swinging Strike 0-2: Ball 1-2: Ball 2-2: Ball 3-2: Fly out, F9 (Flyball, 89S, EV 73.8 MPH)
|
| Top of the 4th over - 0 runs, 0 hits, 0 errors, 2 left on base; University of California 0 - Wichita State University 0 |
| BOTTOM OF THE 4TH |
|
Wichita State University Shockers batting - Pitching for University of California Golden Bears : RHP Karl-Anthony Aure
|
|
Batting: LHB Carlos Flores
|
0-0: Ball 1-0: Ball 2-0: Called Strike 2-1: Ball 3-1: Base on Balls
|
|
Batting: RHB Byron Whitehead
|
0-0: Called Strike 0-1: Fielders Choice at 2nd, 1-6 (Groundball, 13S, EV 66.2 MPH)
|
|
Batting: LHB Kyle Lee
|
0-0: Ball 1-0: Fielders Choice at 2nd, 2-6 (Groundball, 2R, EV 69.4 MPH)
|
|
Batting: RHB Marvin Coffey
|
0-0: Ball 1-0: Foul Ball, location: 2F 1-1: Foul Ball, location: 2F 1-2: Ball 2-2: Foul Ball, location: 2F 2-2: Foul Ball, location: 2F 2-2: Foul Ball, location: 2F 2-2: DOUBLE (Line Drive, 8RXD, EV 103.8 MPH) Kyle Lee to third
|
|
Batting: LHB Troy Davies
|
0-0: Foul Ball, location: 2F 0-1: Ball 1-1: Called Strike 1-2: Ground out 4-3 (Groundball, 4, EV 98.8 MPH)
|
| Bottom of the 4th over - 0 runs, 1 hit, 0 errors, 2 left on base; University of California 0 - Wichita State University 0 |
| TOP OF THE 5TH |
|
University of California Golden Bears batting - Pitching for Wichita State University Shockers : RHP Elias Aguilar
|
|
Batting: RHB Mike Wilson
|
0-0: Called Strike 0-1: Ball 1-1: Foul Ball, location: 2F 1-2: Foul Ball, location: 2F 1-2: Fly out, F8 (Flyball, 8LD, EV 90.6 MPH)
|
|
Batting: RHB Juan Debayle
|
0-0: Ball 1-0: Ball 2-0: Foul Ball, location: 2F 2-1: Foul Ball, location: 2F 2-2: Ground out 4-3 (Groundball, 4, EV 83.8 MPH)
|
|
Batting: RHB Bill Gallardo
|
0-0: Ground out 6-3 (Groundball, 6, EV 83.8 MPH)
|
| Top of the 5th over - 0 runs, 0 hits, 0 errors, 0 left on base; University of California 0 - Wichita State University 0 |
| BOTTOM OF THE 5TH |
|
Wichita State University Shockers batting - Pitching for University of California Golden Bears : RHP Karl-Anthony Aure
|
|
Batting: RHB Kyle Gill
|
0-0: Fly out, F9 (Line Drive, 9, EV 97.5 MPH)
|
|
Batting: SHB Peter Faggard
|
0-0: Called Strike 0-1: Ball 1-1: Foul Ball, location: 2F 1-2: Ball 2-2: Ball 3-2: Fly out, F7 (Flyball, 78D, EV 89.4 MPH)
|
|
Batting: RHB Alex Zeledon
|
0-0: Ball 1-0: Foul Ball, location: 2F 1-1: Ball 2-1: Swinging Strike 2-2: Foul Ball, location: 2F 2-2: Strikes out swinging
|
| Bottom of the 5th over - 0 runs, 0 hits, 0 errors, 0 left on base; University of California 0 - Wichita State University 0 |
| TOP OF THE 6TH |
|
University of California Golden Bears batting - Pitching for Wichita State University Shockers : RHP Elias Aguilar
|
|
Batting: LHB Luis Orellana
|
0-0: Ball 1-0: Called Strike 1-1: Fly out, F8 (Flyball, 8LM, EV 97.5 MPH)
|
|
Batting: RHB Tim Spence
|
0-0: Ball 1-0: Foul Ball, location: 2F 1-1: Ground out 2-3 (Groundball, 2R, EV 68.8 MPH)
|
|
Batting: LHB Carlos Gaona
|
0-0: Ball 1-0: SINGLE (Line Drive, 9S, EV 92.5 MPH)
|
|
Pitching: RHP Ryan Chase
|
|
|
Batting: RHB Ken Hahn
|
0-0: Ball 1-0: Called Strike 1-1: Ball 2-1: Foul Ball, location: 2F 2-2: Ball 3-2: Base on Balls Carlos Gaona to second
|
|
Batting: SHB Nick Jansen
|
0-0: Fielders Choice at 2nd, 4-6 (Groundball, 4MD, EV 79.4 MPH)
|
| Top of the 6th over - 0 runs, 1 hit, 0 errors, 2 left on base; University of California 0 - Wichita State University 0 |
| BOTTOM OF THE 6TH |
|
Wichita State University Shockers batting - Pitching for University of California Golden Bears : RHP Karl-Anthony Aure
|
|
Batting: RHB Lucio Baratta
|
0-0: Foul Ball, location: 2F 0-1: Called Strike 0-2: Foul Ball, location: 2F 0-2: Foul Ball, location: 2F 0-2: Foul Ball, location: 2F 0-2: Ball 1-2: SINGLE (Line Drive, 9S, EV 101.2 MPH)
|
|
Batting: LHB Carlos Flores
|
0-0: Ball 1-0: Foul Ball, location: 2F 1-1: Ball 2-1: Ball 3-1: SINGLE (Flyball, 9, EV 89.4 MPH) Lucio Baratta to second
|
|
Batting: RHB Byron Whitehead
|
0-0: Foul Ball, location: 2F 0-1: Foul Ball, location: 2F 0-2: DOUBLE (Line Drive, 78D, EV 99.4 MPH) Lucio Baratta scores Carlos Flores to third
|
|
Pitching: RHP Frank Salinas
|
|
|
Batting: LHB Kyle Lee
|
0-0: SINGLE (Line Drive, 9S, EV 95.0 MPH) Carlos Flores scores Byron Whitehead to third Runner from 3rd tries for Home, throw by RF and OUT! 9-2
|
|
Batting: RHB Marvin Coffey
|
0-0: Called Strike 0-1: Ball 1-1: Ball 2-1: Grounds into double play, 6-4-3 (Groundball, 6, EV 83.1 MPH)
|
| Bottom of the 6th over - 2 runs, 4 hits, 0 errors, 0 left on base; University of California 0 - Wichita State University 2 |
| TOP OF THE 7TH |
|
University of California Golden Bears batting - Pitching for Wichita State University Shockers : RHP Ryan Chase
|
|
Pitching: LHP Éric Duval
|
|
|
Batting: RHB Nate Mahon
|
0-0: Called Strike 0-1: Called Strike 0-2: Foul Ball, location: 2F 0-2: Strikes out swinging
|
|
Batting: RHB Mike Wilson
|
0-0: Called Strike 0-1: Fly out, F7 (Flyball, 7, EV 81.9 MPH)
|
|
Batting: RHB Juan Debayle
|
0-0: Foul Ball, location: 2F 0-1: Ground out 6-3 (Groundball, 6, EV 109.4 MPH)
|
| Top of the 7th over - 0 runs, 0 hits, 0 errors, 0 left on base; University of California 0 - Wichita State University 2 |
| BOTTOM OF THE 7TH |
|
Wichita State University Shockers batting - Pitching for University of California Golden Bears : RHP Frank Salinas
|
|
Batting: LHB Troy Davies
|
0-0: Ball 1-0: Ball 2-0: Ball 3-0: Called Strike 3-1: Foul Ball, location: 2F 3-2: Strikes out swinging
|
|
Batting: RHB Kyle Gill
|
0-0: Ground out U3 (Groundball, 3L, EV 91.2 MPH)
|
|
Batting: SHB Peter Faggard
|
0-0: Fly out, F3 (Line Drive, 3D, EV 66.2 MPH)
|
| Bottom of the 7th over - 0 runs, 0 hits, 0 errors, 0 left on base; University of California 0 - Wichita State University 2 |
| TOP OF THE 8TH |
|
University of California Golden Bears batting - Pitching for Wichita State University Shockers : LHP Éric Duval
|
|
Batting: RHB Bill Gallardo
|
0-0: Swinging Strike 0-1: Swinging Strike 0-2: DOUBLE (Line Drive, 3D, EV 101.2 MPH)
|
|
Batting: LHB Luis Orellana
|
0-0: Fly out, F8 (Flyball, 8LD, EV 96.2 MPH)
|
|
Batting: RHB Tim Spence
|
0-0: Called Strike 0-1: Called Strike 0-2: Strikes out looking
|
|
Batting: LHB Carlos Gaona
|
0-0: Called Strike 0-1: Ball 1-1: Ball 2-1: Foul Ball, location: 2F 2-2: SINGLE (Line Drive, 78M, EV 106.9 MPH) Bill Gallardo to third Runner from 3rd tries for Home, SAFE, throw by LF to home
|
|
Pitching: RHP Keith Wilder
|
|
|
Batting: RHB Ken Hahn
|
0-0: Ball 1-0: Called Strike 1-1: Swinging Strike 1-2: Fly out, F9 (Flyball, 9, EV 84.4 MPH)
|
| Top of the 8th over - 1 run, 2 hits, 0 errors, 1 left on base; University of California 1 - Wichita State University 2 |
| BOTTOM OF THE 8TH |
|
Wichita State University Shockers batting - Pitching for University of California Golden Bears : RHP Frank Salinas
|
|
Batting: RHB Alex Zeledon
|
0-0: SINGLE (Groundball, 56D, EV 94.4 MPH)
|
|
Batting: RHB Lucio Baratta
|
0-0: Called Strike 0-1: Foul Ball, location: 2F 0-2: Grounds into double play, 4-6-3 (Groundball, 4, EV 88.1 MPH)
|
|
Batting: LHB Carlos Flores
|
0-0: Called Strike 0-1: Ball 1-1: Ball 2-1: SINGLE (Groundball, 34D, EV 98.1 MPH)
|
|
Batting: RHB Byron Whitehead
|
0-0: Fly out, F8 (Flyball, 8RD, EV 86.9 MPH)
|
| Bottom of the 8th over - 0 runs, 2 hits, 0 errors, 1 left on base; University of California 1 - Wichita State University 2 |
| TOP OF THE 9TH |
|
University of California Golden Bears batting - Pitching for Wichita State University Shockers : RHP Keith Wilder
|
|
Pitching: LHP Blake Gans
|
|
|
Batting: SHB Nick Jansen
|
0-0: Foul Ball, location: 2F 0-1: Reached on error, E6 (Groundball, 6, EV 91.9 MPH)
|
|
Batting: RHB Nate Mahon
|
0-0: Fly out, F7 (Flyball, 7S, EV 79.4 MPH)
|
|
Batting: LHB Jonathan Sosa
|
0-0: Called Strike 0-1: SINGLE (Line Drive, 6D, EV 103.1 MPH) Nick Jansen to second
|
|
Batting: RHB Juan Debayle
|
0-0: Foul Ball, location: 2F 0-1: Foul Ball, location: 2F 0-2: Ball 1-2: Ball 2-2: Foul Ball, location: 2F 2-2: Ball 3-2: Base on Balls Nick Jansen to third Jonathan Sosa to second
|
|
Batting: RHB Bill Gallardo
|
0-0: Ball 1-0: Foul Ball, location: 2F 1-1: Foul Ball, location: 2F 1-2: Strikes out swinging
|
|
Batting: LHB Luis Orellana
|
0-0: SINGLE (Groundball, 4MS, EV 63.8 MPH) (infield hit) Nick Jansen scores Jonathan Sosa to third Juan Debayle to second
|
|
Batting: RHB Tim Spence
|
0-0: Called Strike 0-1: Foul Ball, location: 2F 0-2: Foul Ball, location: 2F 0-2: Strikes out swinging
|
| Top of the 9th over - 1 run, 2 hits, 1 error, 3 left on base; University of California 2 - Wichita State University 2 |
| BOTTOM OF THE 9TH |
|
Wichita State University Shockers batting - Pitching for University of California Golden Bears : RHP Frank Salinas
|
|
Pitching: RHP Steve Clothier
|
|
|
Batting: LHB Kyle Lee
|
0-0: Fly out, F9 (Line Drive, 9, EV 105.6 MPH)
|
|
Batting: RHB Marvin Coffey
|
0-0: Ball 1-0: Ball 2-0: Ball 3-0: Called Strike 3-1: Foul Ball, location: 2F 3-2: Fly out, F7 (Line Drive, 78M, EV 92.5 MPH)
|
|
Batting: LHB Troy Davies
|
0-0: Ball 1-0: DOUBLE (Flyball, 8LD, EV 101.9 MPH)
|
|
Batting: RHB Kyle Gill
|
0-0: Ball 1-0: Ball 2-0: Called Strike 2-1: Foul Ball, location: 2F 2-2: Ball 3-2: SINGLE (Line Drive, 8RS, EV 102.5 MPH) Troy Davies to third Runner from 3rd tries for Home, SAFE, throw by CF to home
|
| Bottom of the 9th over - 1 run, 2 hits, 0 errors, 1 left on base; University of California 2 - Wichita State University 3 |
|